 Dungeon Crawl Stone Soup version 0.24.0-13-gcf9b3192b9 (webtiles) character file.

Game seed: 5571726955304267573, levelgen mode: deterministic

6 Esekla the Charmwright (level 1, 0/12 HPs)
             Began as a Deep Elf Skald on Nov 6, 2019.
             Succumbed to an adder's poison
             ... on level 2 of the Dungeon.
             The game lasted 00:02:53 (373 turns).

Esekla the Charmwright (Deep Elf Skald)              Turns: 373, Time: 00:02:54

Health: 0/12       AC:  3    Str:  8    XL:     1   Next: 75%
Magic:  5/6        EV: 12    Int: 17    God:
Gold:   35         SH:  0    Dex: 14    Spells: 5/6 levels left

rFire    . . .     SeeInvis .   a - +0 falchion
rCold    . . .     Gourm    .   (no shield)
rNeg     . . .     Faith    .   b - +0 leather armour
rPois    .         Spirit   .   (no helmet)
rElec    .         Reflect  .   (no cloak)
rCorr    .         Harm     .   (no gloves)
MR       +....                  (no boots)
Stlth    +.........             (no amulet)
HPRegen  0.04/turn              j - ring of protection from magic
MPRegen  0.10/turn              (no ring)

@: lethally poisoned (0 -> -5)
A: no striking features
a: no special abilities


You were on level 2 of the Dungeon.
You were not hungry.

You visited 1 branch of the dungeon, and saw 3 of its levels.

You collected 35 gold pieces.

Inventory:

Hand Weapons
 a - a +0 falchion (weapon)
 e - a +0 dagger
Missiles
 k - 7 boomerangs (quivered)
Armour
 b - a +0 leather armour (worn)
Jewellery
 j - a ring of protection from magic (left hand)
Scrolls
 f - 2 scrolls of remove curse {unknown}
 h - a scroll of fear {unknown}
 i - a scroll of identify {unknown}
Potions
 g - a potion of curing {unknown}
Comestibles
 d - a ration


   Skills:
 - Level 1.5 Fighting
 * Level 2.1 Long Blades
 + Level 0.7 Armour
 * Level 2.6 Dodging
 - Level 3.0 Spellcasting
 - Level 4.4 Charms


You had 5 spell levels left.
You knew the following spells:

 Your Spells              Type           Power        Failure   Level  Hunger
a - Infusion              Chrm           ###.         4%          1    None

Your spell library contained the following spells:

 Spells                   Type           Power        Failure   Level  Hunger
 Song of Slaying          Chrm           ###.....     6%          2    ##.....
 Shroud of Golubria       Chrm/Tloc      ##....       16%         2    ##.....
 Regeneration             Chrm/Necr      ##........   30%         3    ###....
 Spectral Weapon          Hex/Chrm       ##......     30%         3    ###....


Dungeon Overview and Level Annotations

Branches:
Dungeon (3/15)

Altars:
Trog


Message History

The boomerang completely misses the worm.
Casting: Infusion (safe; 4% risk of failure)
Confirm with . or Enter, or press ? or * to list all spells.
You begin infusing your attacks with magical energy.
The adder closely misses you. The adder misses you.
You closely miss the adder. The adder bites you.
* * * LOW HITPOINT WARNING * * *
You barely miss the adder. The adder bites you but does no damage.
The adder misses you.
You completely miss the adder. The adder closely misses you. x2
The adder bites you.
* * * LOW HITPOINT WARNING * * *
You are lethally poisoned!
The adder poisons you!
Unknown command.
It was a potion of cancellation.
Your magical effects are unravelling.
You feel magically purged.
You are no longer magically infusing your attacks.
You die...

## ..# ##...#
#################......
#.......w(............. #.#
#...........#
###.###.S#######>##
#######........@....##........
#.......#.###............#.###
##.######...##...###.##...#
#...####.#.#.#...# ###.##
................># ..
....####..#(.#...# .#
.#.......###.#(....# ..
.########.#.####.#.# .# .#
#.#.#


You could see an adder.

Vanquished Creatures
  A goblin (D:1)
  2 hobgoblins (D:1)
  A frilled lizard (D:1)
  2 rats (D:1)
6 creatures vanquished.

Notes
Turn   | Place    | Note
-------+----------+-------------------------------------------
     0 | D:1      | Esekla the Deep Elf Skald began the quest for the Orb.
     0 | D:1      | Reached XP level 1. HP: 12/12 MP: 6/6
   345 | D:3      | Found a bloodstained altar of Trog.
   345 | D:3      | Noticed an eye of draining
   373 | D:2      | Succumbed to an adder's poison

Levels and vault maps discovered:
D:1:      onia_arrival_mini_maze_b, layout_loops_ring
D:2:      layout_loops_ring, serial_glass, glass_columns_b, glass_columns_c,
          minmay_strange_pillars, minmay_strange_pillars, feat_on_display,
          feat_on_display
D:3:      layout_rooms, trog_eyes_of_draining

Skill      XL: |  1 |
---------------+----+-----
Long Blades    | 2 |  2.1
Fighting       | |  1.5
Armour         | |  0.7
Dodging        | |  2.6
Spellcasting   | |  3.0
Charms         | |  4.4

Action                   || total
-------------------------++-------
Melee: Falchion          ||    17
Throw: Boomerang         ||     1
 Cast: Infusion          ||     2
  Use: Potion            ||     1
Armor: Leather armour    ||     3
Dodge: Dodged            ||    17
       Rpst.: Falchion   ||     4
